Warning! The script has encountered some errors when parsing the replay. Please report them to the . » details
0x00, prev: 0x16: 16 02 01 00 31 5C 00 00 6B CD 00 00 [00] 00 00 00 00 00 00 00 00 00 00 00 00 00 00 00 00 00 00 00 00 00 00 00 00 00
0x00, prev: 0x00: 16 02 01 00 31 5C 00 00 6B CD 00 00 00 00 00 00 00 00 00 00 00 00 00 00 00 00 00 00 00 00 00 00 00 00 00 00 [00] 00
0x0A, prev: 0x00: 16 02 01 00 31 5C 00 00 6B CD 00 00 00 00 00 00 00 00 00 00 00 00 00 00 00 00 00 00 00 00 00 00 00 00 00 00 [0A] 00 08 0D 00 68 48 91 84 45 A0 A1 6C C5 00 00 A0 40
General information
- name: BNet
- type: Ladder team game (AT/RT)
- host: Battle.net
- saver: brucewillisusa
map: MarketSquare
- players: 8
- length: 27:13
- speed: Fast
- version: 1.23 W3XP
- replay type: Public
» download(149 KB)
Players
team 1 (loser)
Porky. (
teal | 66 APM | 1786 actions | 27:13)
6 Demon Hunter
3 Mana Burn
2 Evasion
1 Metamorphosis
1 Blademaster
1 Critical Strike
2 Dark Ranger
1 Charm
1 Black Arrow
» actions
| Assign group hotkey | 3 | |
| Basic commands | 186 | |
| Build / train | 52 | |
| ESC pressed | 5 | |
| Enter build submenu | 22 | |
| Enter hero's abilities submenu | 8 | |
| Remove unit from queue | 14 | |
| Right click | 907 | |
| Select / deselect | 493 | |
| Select group hotkey | 2 | |
| Use ability | 94 | |
1786 total
» units
| Wisp | 10 | |
| Huntress | 12 | |
| Druid of the Talon | 5 | |
| Archer | 5 | |
| Peon | -9 | |
| Hippogryph | 1 | |
24 total
» upgrades
| Moon Armor | 1 | |
| Strength of the Moon | 1 | |
2 total
» buildings
| Altar of Elders | 1 | |
| Moon Well | 6 | |
| Ancient of War | 2 | |
| Hunter's Hall | 1 | |
| Ancient of Wonders | 1 | |
| Tree of Ages | 1 | |
| Ancient of Wind | 1 | |
| Tree of Eternity | 1 | |
| Tree of Life | 2 | |
| Orc Burrow | 3 | |
| Great Hall | 2 | |
| Watch Tower | 1 | |
22 total
» build order
00:06 Altar of Elders
00:20 Moon Well
01:44 Ancient of War
01:48 Hunter's Hall
02:05 Moon Well
02:24 Ancient of Wonders
02:51 Ancient of War
03:35 Moon Well
04:36 Moon Well
07:47 Tree of Ages
07:50 Moon Well
08:59 Moon Well
10:09 Ancient of Wind
11:23 Tree of Eternity
13:00 Tree of Life
13:59 Orc Burrow
14:01 Orc Burrow
16:07 Orc Burrow
18:31 Tree of Life
22:16 Great Hall
22:19 Watch Tower
23:26 Great Hall
PickinChicken (
red | 59 APM | 1615 actions | 27:13)
6 Death Knight
3 Death Coil
2 Death Pact
1 Animate Dead
5 Crypt Lord
2 Impale
3 Carrion Beetles
» actions
| Assign group hotkey | 34 | |
| Build / train | 52 | |
| ESC pressed | 3 | |
| Enter build submenu | 19 | |
| Enter hero's abilities submenu | 11 | |
| Right click | 572 | |
| Select / deselect | 242 | |
| Select group hotkey | 534 | |
| Use ability | 148 | |
1615 total
» units
| Acolyte | 2 | |
| Ghoul | 3 | |
| Crypt Fiend | 15 | |
| Frost Wyrm | 1 | |
21 total
» upgrades
| Creature Carapace | 1 | |
| Creature Attack | 1 | |
| Web | 1 | |
3 total
» buildings
| Altar of Darkness | 1 | |
| Ziggurat | 9 | |
| Graveyard | 1 | |
| Tomb of Relics | 1 | |
| Crypt | 1 | |
| Halls of the Dead | 1 | |
| Nerubian Tower | 2 | |
| Black Citadel | 1 | |
| Sacrificial Pit | 1 | |
| Boneyard | 1 | |
| Spirit Tower | 3 | |
22 total
» build order
00:59 Altar of Darkness
01:04 Ziggurat
01:08 Graveyard
01:15 Tomb of Relics
01:22 Crypt
01:40 Ziggurat
04:38 Halls of the Dead
05:13 Ziggurat
05:14 Ziggurat
05:48 Ziggurat
06:21 Nerubian Tower
06:22 Nerubian Tower
08:10 Black Citadel
08:45 Sacrificial Pit
09:01 Ziggurat
10:40 Boneyard
11:43 Spirit Tower
11:45 Spirit Tower
12:24 Spirit Tower
14:06 Ziggurat
14:07 Ziggurat
14:23 Ziggurat
» items
| Rod of Necromancy | 1 | |
| Potion of Healing | 1 | |
2 total

»
Dark_Monkey_316 (
green | 24 APM | 282 actions | 11:36)
2 Blademaster
1 Critical Strike
1 Wind Walk
» actions
| Assign group hotkey | 10 | |
| Build / train | 27 | |
| Enter build submenu | 12 | |
| Enter hero's abilities submenu | 2 | |
| Right click | 83 | |
| Select / deselect | 76 | |
| Select group hotkey | 31 | |
| Use ability | 41 | |
282 total
» units
» upgrades
| Spiked Barricades | 2 | |
| Ranged Weapons | 2 | |
| Armor | 2 | |
6 total
» buildings
| Altar of Storms | 1 | |
| Orc Burrow | 6 | |
| War Mill | 1 | |
| Voodoo Lounge | 1 | |
| Stronghold | 2 | |
| Fortress | 1 | |
| Beastiary | 3 | |
15 total
» build order
00:10 Altar of Storms
00:14 Orc Burrow
01:10 War Mill
01:19 Voodoo Lounge
02:10 Orc Burrow
02:48 Orc Burrow
03:20 Orc Burrow
03:49 Orc Burrow
03:58 Stronghold
05:10 Orc Burrow
07:04 Fortress
07:11 Beastiary
08:15 Beastiary
08:32 Beastiary
» items

»
Pwner_II (
pink | 45 APM | 542 actions | 12:09)
4 Dark Ranger
2 Black Arrow
2 Life Drain
» actions
| Assign group hotkey | 22 | |
| Basic commands | 6 | |
| Build / train | 37 | |
| Enter build submenu | 13 | |
| Enter hero's abilities submenu | 4 | |
| Remove unit from queue | 2 | |
| Right click | 287 | |
| Select / deselect | 126 | |
| Select group hotkey | 21 | |
| Use ability | 24 | |
542 total
» units
» upgrades
| Hippogryph Taming | 1 | |
| Improved Bows | 1 | |
2 total
» buildings
| Altar of Elders | 1 | |
| Moon Well | 4 | |
| Ancient of War | 3 | |
| Tree of Ages | 1 | |
| Ancient of Wonders | 1 | |
| Ancient of Wind | 2 | |
| Hunter's Hall | 1 | |
13 total
» build order
00:07 Altar of Elders
00:09 Moon Well
01:56 Ancient of War
02:00 Ancient of War
02:07 Moon Well
03:05 Tree of Ages
03:38 Ancient of Wonders
04:42 Moon Well
04:47 Moon Well
05:48 Ancient of Wind
05:53 Hunter's Hall
08:25 Ancient of Wind
08:28 Ancient of War
team 2 (winner)
Eat-MAH-PHUCK (
blue | 63 APM | 1702 actions | 27:13)
4 Paladin
2 Holy Light
2 Divine Shield
» actions
| Assign group hotkey | 9 | |
| Build / train | 56 | |
| Enter build submenu | 17 | |
| Enter hero's abilities submenu | 4 | |
| Give item / drop item | 1 | |
| Remove unit from queue | 1 | |
| Right click | 699 | |
| Select / deselect | 234 | |
| Select group hotkey | 658 | |
| Use ability | 23 | |
1702 total
» units
» upgrades
| Masonry | 1 | |
| Lumber Harvesting | 1 | |
| Gunpowder | 3 | |
| Flying Machine Bombs | 1 | |
| Plating | 2 | |
8 total
» buildings
| Lumber Mill | 1 | |
| Farm | 8 | |
| Keep | 1 | |
| Altar of Kings | 1 | |
| Blacksmith | 1 | |
| Castle | 1 | |
| Workshop | 4 | |
17 total
» build order
00:08 Lumber Mill
00:22 Farm
01:03 Farm
01:39 Farm
02:17 Farm
02:25 Keep
02:33 Altar of Kings
02:54 Farm
03:31 Farm
04:08 Farm
04:55 Blacksmith
04:56 Castle
05:34 Workshop
05:39 Workshop
05:45 Workshop
06:44 Workshop
08:05 Farm

»
Nameherelawl (
purple | 21 APM | 566 actions | 27:13)
5 Crypt Lord
3 Carrion Beetles
2 Spiked Carapace
» actions
| Assign group hotkey | 9 | |
| Basic commands | 1 | |
| Build / train | 58 | |
| Enter build submenu | 21 | |
| Enter hero's abilities submenu | 5 | |
| Right click | 275 | |
| Select / deselect | 161 | |
| Select group hotkey | 9 | |
| Use ability | 27 | |
566 total
» units
| Acolyte | 2 | |
| Ghoul | 4 | |
| Crypt Fiend | 25 | |
31 total
» upgrades
| Creature Attack | 2 | |
| Burrow | 1 | |
| Web | 1 | |
| Creature Carapace | 2 | |
6 total
» buildings
| Ziggurat | 14 | |
| Crypt | 3 | |
| Altar of Darkness | 1 | |
| Nerubian Tower | 4 | |
| Graveyard | 1 | |
| Spirit Tower | 10 | |
| Halls of the Dead | 1 | |
| Tomb of Relics | 1 | |
35 total
» build order
00:10 Ziggurat
00:15 Crypt
00:35 Altar of Darkness
01:01 Ziggurat
01:49 Nerubian Tower
02:05 Graveyard
03:01 Crypt
03:07 Crypt
03:12 Ziggurat
03:29 Spirit Tower
05:20 Spirit Tower
05:26 Ziggurat
06:00 Halls of the Dead
07:29 Spirit Tower
07:39 Tomb of Relics
08:13 Ziggurat
09:14 Spirit Tower
16:57 Ziggurat
17:34 Ziggurat
17:41 Ziggurat
17:47 Ziggurat
18:02 Ziggurat
18:08 Nerubian Tower
18:26 Nerubian Tower
18:33 Spirit Tower
18:47 Ziggurat
18:53 Ziggurat
18:55 Spirit Tower
18:59 Spirit Tower
19:10 Ziggurat
19:44 Nerubian Tower
19:46 Spirit Tower
20:03 Spirit Tower
20:11 Ziggurat
27:00 Spirit Tower
LukeG. (
orange | 30 APM | 450 actions | 15:07)
3 Archmage
1 Summon Water Elemental
2 Blizzard
» actions
| Assign group hotkey | 24 | |
| Basic commands | 8 | |
| Build / train | 45 | |
| Enter build submenu | 15 | |
| Enter hero's abilities submenu | 3 | |
| Right click | 127 | |
| Select / deselect | 149 | |
| Select group hotkey | 52 | |
| Use ability | 27 | |
450 total
» units
| Peasant | 8 | |
| Footman | 11 | |
| Rifleman | 1 | |
| Knight | 7 | |
| Siege Engine | 3 | |
30 total
» upgrades
| Lumber Harvesting | 2 | |
| Plating | 2 | |
| Swords | 1 | |
| Barrage | 1 | |
| Gunpowder | 2 | |
8 total
» buildings
| Altar of Kings | 1 | |
| Farm | 8 | |
| Lumber Mill | 1 | |
| Keep | 1 | |
| Barracks | 1 | |
| Blacksmith | 1 | |
| Castle | 1 | |
| Workshop | 1 | |
| Arcane Vault | 1 | |
16 total
» build order
00:05 Altar of Kings
00:08 Farm
00:31 Lumber Mill
01:52 Keep
02:08 Barracks
02:49 Farm
02:50 Farm
03:28 Blacksmith
04:26 Farm
06:13 Castle
06:16 Farm
06:48 Farm
08:03 Workshop
08:55 Farm
10:07 Farm
11:47 Arcane Vault
» items

»
brucewillisusa (
yellow | 63 APM | 1719 actions | 27:13)
7 Pandaren Brewmaster
3 Breath of Fire
3 Drunken Brawler
1 Storm Earth and Fire
» actions
| Assign group hotkey | 56 | |
| Basic commands | 36 | |
| Build / train | 52 | |
| ESC pressed | 7 | |
| Enter build submenu | 13 | |
| Enter hero's abilities submenu | 8 | |
| Give item / drop item | 3 | |
| Remove unit from queue | 1 | |
| Right click | 811 | |
| Select / deselect | 212 | |
| Select group hotkey | 407 | |
| Use ability | 113 | |
1719 total
» units
| Wisp | 10 | |
| Huntress | 10 | |
| Druid of the Claw | 3 | |
| Dryad | 1 | |
24 total
» upgrades
| Strength of the Moon | 2 | |
| Moon Armor | 1 | |
| Druid of the Claw Training | 2 | |
| Strength of the Wild | 1 | |
| Well Spring | 1 | |
7 total
» buildings
| Moon Well | 4 | |
| Altar of Elders | 1 | |
| Hunter's Hall | 1 | |
| Ancient of War | 3 | |
| Tree of Ages | 1 | |
| Tree of Eternity | 1 | |
| Ancient of Lore | 2 | |
| Tree of Life | 2 | |
15 total
» build order
00:18 Moon Well
00:34 Altar of Elders
01:58 Hunter's Hall
02:02 Ancient of War
02:03 Ancient of War
02:07 Ancient of War
02:15 Moon Well
03:13 Moon Well
04:56 Moon Well
05:49 Tree of Ages
08:29 Tree of Eternity
10:34 Ancient of Lore
10:35 Ancient of Lore
14:59 Tree of Life
16:10 Tree of Life
» items
| Scroll of Town Portal | 2 | |
| Boots of Speed | 1 | |
| Staff of Teleportation | 1 | |
| Potion of Invisibility | 1 | |
| Potion of Lesser Invulnerability | 1 | |
6 total
Chat log
(03:19 / Allies) brucewillisusa: oh fuck rsakes
(03:32 / Allies) brucewillisusa: i better get a fucking xp tome
(03:50 / Allies) Nameherelawl: lol
(04:05 / Allies) brucewillisusa: walks so fuckign slow
(04:47 / Allies) Eat-MAH-PHUCK: use my hero
(04:48 / Allies) Eat-MAH-PHUCK: to heal
(05:20 / Allies) brucewillisusa: hitting now
(05:29 / Allies) brucewillisusa: lets do a quick hit
(05:31 / Allies) brucewillisusa: purple
(05:33 / Allies) brucewillisusa: run if they tp or w/e
(05:34 / Allies) LukeG.: uh...
(06:37 / Allies) Eat-MAH-PHUCK: get back
(06:48 / Allies) Nameherelawl: out dude lol
(06:49 / Allies) brucewillisusa: manage ur own shit
(07:06 / Allies) Eat-MAH-PHUCK: ill manage your mama's pussy
(07:11 / Allies) LukeG.: AHAH!
(07:21 / Allies) brucewillisusa: lol day late and a buck short
(07:27 / All) brucewillisusa: dead dead dead dead
(07:32 / All) brucewillisusa: and he tells me to how to play my stuff
(07:50 / Allies) LukeG.: whoa?
(07:57 / Allies) LukeG.: that all hapened so fast
(08:04 / Allies) brucewillisusa: and yet it was so predictable...
(08:25 / Allies) LukeG.: one guy made it back
(08:44 / Allies) brucewillisusa: lets hit and end this game
(08:48 / Allies) brucewillisusa: im thouroughly disgusted
(09:10 / Allies) brucewillisusa: u guys therE?
(09:17 / Allies) Nameherelawl: I am
(09:19 / All) brucewillisusa: ok so we lost
(09:22 / All) brucewillisusa: but i have to sit and wait
(09:24 / All) brucewillisusa: for u to tier 3 then hit
(09:25 / All) brucewillisusa: :[
(10:27 / Allies) brucewillisusa: web??
(12:00 / All) brucewillisusa: waddles so fuckin slo
(12:42 / Allies) brucewillisusa: go kill his night elf air in middle
(13:22 / Allies) brucewillisusa: back
(13:52 / Allies) brucewillisusa: call ams
(14:28 / Allies) brucewillisusa: wanna heal me?
(14:31 / Allies) brucewillisusa: jesus
(14:40 / All) brucewillisusa: THX FOR HEAL
(14:41 / Allies) LukeG.: oh my
(15:01 / Allies) brucewillisusa: FUCK IT NO more units
(15:07 / Allies) brucewillisusa: from now on all my gold goes to items to keep my hero alive
(16:38 / Allies) Eat-MAH-PHUCK: they have no more halls
(16:45 / Allies) brucewillisusa: UNLESS THEY REBUILD
(17:09 / Allies) brucewillisusa: MASS UNITS THERE
(17:10 / Allies) brucewillisusa: AND TOWERS
(17:16 / Allies) brucewillisusa: POOL HIM STUFF
(17:26 / Allies) brucewillisusa: GO KILL MAINS
(17:28 / Allies) brucewillisusa: AND POOL HIM TO TOWER
(17:59 / Allies) brucewillisusa: MASS TOWER
(18:28 / Allies) brucewillisusa: GET GYROS OUT
(19:39 / Allies) Nameherelawl: lol take out hipps
(20:17 / Allies) brucewillisusa: TOWER UP MORE
(20:43 / Allies) brucewillisusa: CHECK THERE AGAIN
(20:53 / Allies) brucewillisusa: DOTN GET LRUED OUT
(20:54 / Allies) brucewillisusa: ITS A TRAP
(20:56 / Allies) brucewillisusa: IDIOTW
(20:57 / Allies) brucewillisusa: GOD
(20:58 / Allies) brucewillisusa: DUH
(21:00 / Allies) brucewillisusa: DUH ISTS A GTRAP[
(21:00 / Allies) brucewillisusa: JESUS
(22:23 / Allies) brucewillisusa: CHECK THERE
(22:28 / Allies) brucewillisusa: TAHTS THE ONLY CLEARED EXPO
(22:49 / Allies) brucewillisusa: GET ALL HIS PEONS
(22:51 / Allies) brucewillisusa: NOT JUST THE BUIDLINGS
(23:08 / Allies) brucewillisusa: OK NOW THE BAD NEWS IS
(23:10 / Allies) brucewillisusa: THEY HAVE A LEVEL 6 DR
(23:47 / Allies) brucewillisusa: GET THOSE
(23:56 / Allies) Eat-MAH-PHUCK: i got this foo
(24:15 / Allies) brucewillisusa: USE GYROS ON DEFENSELESS BUIDLINGS
(24:34 / Allies) brucewillisusa: LEAVE THAT AM AT AHOME
(25:07 / Allies) brucewillisusa: STOP CHOPPING TRES
(25:10 / Allies) brucewillisusa: I CAN GET INFINITE WOOD
(25:11 / Allies) brucewillisusa: WTIH WISPS
(25:12 / Allies) brucewillisusa: STOP CHOPPIGN HTEM
(25:55 / Allies) brucewillisusa: GET HTE PEON
(26:02 / All) brucewillisusa: SAUCE
(26:26 / Allies) brucewillisusa: DONT let him charm a builder
(26:34 / Allies) brucewillisusa: back
(26:36 / Allies) brucewillisusa: wtf u doing
(26:37 / Allies) brucewillisusa: jesus fuck
(26:46 / All) brucewillisusa: u cdown to 2 buidlings
(26:49 / All) brucewillisusa: i can see with my maphack
(26:51 / All) brucewillisusa: lololol
(26:58 / All) Porky.: gg
(27:00 / All) brucewillisusa: GG